 Dungeon Sprint DCSS version 0.30-a0-772-g5528072125 (webtiles) character file.

Game seed: 18185620367204617997

2800000 rocky1 the Conqueror (level 18, -14/182 HPs)
             Began as a Demonspawn Gladiator on Feb 13, 2023.
             Demolished by a meat berserker
             ... wielding a +9 battleaxe
              (37 damage)
             ... in the Dungeon (Sprint VIII: "Arena of Blood").
             The game lasted 00:02:11 (28 turns).

rocky1 the Conqueror (Demonspawn Gladiator)           Turns: 28, Time: 00:02:12

Health: -14/182    AC:  6    Str: 20    XL:     18   Next: 39%
Magic:  18/18      EV: 29    Int: 16    God:
Gold:   0          SH:  0    Dex: 17    Spells: 17/17 levels left

rFire   . . .      SeeInvis .    l - +∞ Axe of Woe
rCold   . . .      Faith    .    (shield currently unavailable)
rNeg    . . .      Spirit   .    b - +0 leather armour
rPois   .          Reflect  .    (helmet unavailable)
rElec   .          Harm     .    (no cloak)
rCorr   .          Rampage  .    (no gloves)
Will    +....      NoTele   +    (no boots)
Stlth   +                        (no amulet)
HPRegen 8.50/turn                m - +30 ring of slaying
MPRegen 0.16/turn                n - +30 ring of slaying

@: no status effects
A: horns 3, foul stench 1, powered by death 2, big brain 3
a: no special abilities


You were in the Dungeon.
You visited 1 branch

Inventory:

Hand Weapons
 a - a +0 war axe
 l - the +∞ Axe of Woe (weapon)
   (You found it in the Dungeon)
Missiles
 d - 2 throwing nets (quivered)
 e - a javelin
Armour
 b - a +0 leather armour (worn)
 c - a +0 helmet
Jewellery
 m - a +30 ring of slaying (left hand)
 n - a +30 ring of slaying (right hand)
Scrolls
 k - a scroll of blinking
Potions
 f - a potion of curing
 g - a potion of heal wounds
 h - a potion of haste
 i - 2 potions of magic
 j - a potion of berserk rage


   Skills:
 O Level 27 Fighting
 O Level 27 Axes
 O Level 27 Throwing
 + Level 25.6 Armour
 O Level 27 Dodging


You had 17 spell levels left.
You didn't know any spells.
Your spell library was empty.

Dungeon Overview and Level Annotations

Branches:
Dungeon (1/1)

Altars:
Makhleb


Innate Abilities, Weirdness & Mutations

You have a pair of large horns on your head.
You may rarely emit foul miasma when damaged in melee.
You regenerate health from kills.
You have an absolutely massive brain. (Int +6, Wiz)


Message History

You cleave the large bag of meat in twain.
You slice the bag of meat like a ripe choko!!!
You pulverise the bag of meat into a thin bloody mist.
You kill the bag of meat!
You slash the bag of meat!
You hew the bag of meat savagely.
You kill the bag of meat!
You dice the large bag of meat like an onion!!!
Flame seeps out of the large bag of meat.
You cleave the large bag of meat in twain.
The large bag of meat explodes!
The fiery explosion engulfs you!!
* * * LOW HITPOINT WARNING * * *
The large bag of meat explodes!
The fiery explosion engulfs you!!
* * * LOW HITPOINT WARNING * * *
You are engulfed in blazing flames.
* * * LOW HITPOINT WARNING * * *
You hear a shout! x9
The destroyer gestures at you while chanting.
The destroyer blinks!
You hear a shout! x4
Your Armour skill gained 12 levels and is now at level 25!
You have reached level 18!
Your demonic ancestry asserts itself...
Your brain expands to incredible size. 4 bags of meat and a meat berserker come into view.
The destroyer appears out of thin air!
A destroyer comes into view. It is wielding a +9 heavy great sword.
The bag of meat shouts! x3; The meat berserker shouts!
The destroyer shouts!
You hear a shout! x4
The meat berserker rages.
You hear a shout! x4
The destroyer gestures at you while chanting.
The destroyer blinks!
A bag of meat comes into view. It is wielding a +9 war axe.
The bag of meat is engulfed in blazing flames.
You hear a shout!
The large bag of meat is engulfed in blazing flames.
The meat berserker hits you with a +9 battleaxe!!!
You die...

.....#.#.....o
oO.o........o
...o.........
............
...........
..§....§..
#.....O.#
#...§oo@# ...
.###...§§§V###....
......###OVo......
......_§§§§......
...#...).#.......
#_.<)_#.......
#.....#......#
....V._..........
......###.........


You could see 3 destroyers, a large bag of meat (inner flame), 2 meat berserkers
and 8 bags of meat.

Vanquished Creatures
  A vampire knight (D)
  7 ogres (D)
  3 two-headed ogres (D)
  11 orcs (D)
22 creatures vanquished.

Notes
Turn   | Place    | Note
-------+----------+-------------------------------------------
     0 | D        | Found the +∞ Axe of Woe
     0 | D        | rocky1 the Demonspawn Gladiator began the quest for the
                  | Orb.
     0 | D        | Reached XP level 1. HP: 16/16 MP: 1/1
     0 | D        | Noticed a bag of meat
     3 | D        | Noticed a bag of meat
     4 | D        | Killed a bag of meat
     4 | D        | Noticed a meat berserker
     4 | D        | Noticed a bag of meat
     5 | D        | Gained mutation: You have an unusually large brain. (Int
                  | +2) [demonic ancestry]
     5 | D        | Reached XP level 2. HP: 40/40 MP: 2/2
     5 | D        | Reached XP level 3. HP: 46/46 MP: 3/3
     5 | D        | Gained mutation: You may rarely emit foul miasma when
                  | damaged in melee. [demonic ancestry]
     5 | D        | Reached XP level 4. HP: 53/53 MP: 4/4
     5 | D        | Reached XP level 5. HP: 59/59 MP: 5/5
     5 | D        | Reached XP level 6. HP: 66/66 MP: 6/6
     5 | D        | Gained mutation: You regenerate a little health from kills.
                  | [demonic ancestry]
     5 | D        | Reached XP level 7. HP: 72/72 MP: 7/7
     5 | D        | Gained mutation: You have a pair of small horns on your
                  | head. [demonic ancestry]
     5 | D        | Reached XP level 8. HP: 79/79 MP: 8/8
     5 | D        | Reached XP level 9. HP: 85/85 MP: 9/9
     5 | D        | Gained mutation: You have a pair of horns on your head.
                  | [demonic ancestry]
     5 | D        | Reached XP level 10. HP: 92/92 MP: 10/10
     8 | D        | Killed a meat berserker
     8 | D        | Noticed a meat berserker
     9 | D        | Reached skill level 15 in Axes
     9 | D        | Reached skill level 15 in Throwing
     9 | D        | Reached skill level 15 in Dodging
     9 | D        | Reached XP level 11. HP: 63/106 MP: 11/11
     9 | D        | Reached XP level 12. HP: 67/113 MP: 12/12
     9 | D        | Killed a bag of meat
    10 | D        | Gained mutation: You regenerate health from kills. [demonic
                  | ancestry]
    10 | D        | Reached XP level 13. HP: 74/122 MP: 13/13
    10 | D        | Noticed a bag of meat
    10 | D        | Noticed a meat berserker
    11 | D        | Killed a bag of meat
    11 | D        | Killed a meat berserker
    11 | D        | Noticed a meat berserker
    12 | D        | Reached XP level 14. HP: 87/135 MP: 14/14
    12 | D        | Noticed a meat berserker
    12 | D        | Noticed a bag of meat
    12 | D        | Noticed a bag of meat
    15 | D        | Noticed a meat berserker
    16 | D        | Killed a meat berserker
    16 | D        | Killed a meat berserker
    17 | D        | Gained mutation: You have a pair of large horns on your
                  | head. [demonic ancestry]
    17 | D        | Reached XP level 15. HP: 105/146 MP: 15/15
    17 | D        | Killed a meat berserker
    18 | D        | Noticed a large bag of meat
    18 | D        | Noticed a destroyer
    19 | D        | Noticed a destroyer
    19 | D        | Noticed a meat berserker
    20 | D        | Killed a meat berserker
    21 | D        | Gained mutation: You have an extremely huge brain. (Int +4)
                  | [demonic ancestry]
    21 | D        | Reached XP level 16. HP: 86/163 MP: 16/16
    21 | D        | Killed a large bag of meat
    21 | D        | Noticed a large bag of meat
    22 | D        | Noticed a large bag of meat
    23 | D        | Noticed a large bag of meat
    23 | D        | Killed a destroyer
    24 | D        | Reached skill level 27 in Fighting
    24 | D        | Reached XP level 17. HP: 57/174 MP: 17/17
    24 | D        | Noticed a destroyer
    24 | D        | Noticed a meat berserker
    25 | D        | Killed a meat berserker
    26 | D        | Reached skill level 27 in Axes
    26 | D        | Reached skill level 27 in Throwing
    26 | D        | Reached skill level 27 in Dodging
    27 | D        | Killed a large bag of meat
    27 | D        | Killed a large bag of meat
    27 | D        | HP: 8/174 [something (12)]
    28 | D        | Gained mutation: You have an absolutely massive brain. (Int
                  | +6, Wiz) [demonic ancestry]
    28 | D        | Reached XP level 18. HP: 15/182 MP: 18/18
    28 | D        | Noticed a meat berserker
    28 | D        | Noticed a destroyer
    28 | D        | Demolished by a meat berserker

Illustrated notes

Levels and vault maps discovered:
D:        meatsprint

Skill      XL: |  1  2  3  4  5  6  7  8  9 10 11 12 13 14 15 16 17 |
---------------+----------------------------------------------------+-----
Fighting       | 13 16 17 20 22 25 27 | 27.0
Axes           | 12 15 16 18 20 23 25 27 | 27.0
Throwing       | 12 15 16 18 20 23 25 27 | 27.0
Dodging        | 12 15 16 18 20 23 25 27 | 27.0
Armour         | 25 | 25.6

Action                     |  1- 3 |  4- 6 |  7- 9 | 10-12 | 13-15 | 16-18 || total
---------------------------+-------+-------+-------+-------+-------+-------++-------
  Melee: Executioner's axe |     1 |       |       |     2 |     5 |     5 ||    13
  Throw: Throwing net      |     1 |       |       |       |       |       ||     1

Table legend: (Time is in decaauts)
 A = Elapsed time spent in this place.
 B = Non-inter-level travel time spent in this place.
 C = Inter-level travel time spent in this place.
 D = Time resting spent in this place.
 E = Time spent auto-exploring this place.
 F = Levels seen in this place.
 G = Mean time per level.
                   A        B        C        D        E       F      G
               +--------+--------+--------+--------+--------+-----+--------+
         Total |     25 |     25 |      0 |      0 |      0 |   1 |   25.0 |
       Dungeon |     25 |     25 |      0 |      0 |      0 |   1 |   25.0 |
               +--------+--------+--------+--------+--------+-----+--------+

Top non-repeatable levels by time:
       D: 25 daAuts
